 Dungeon Crawl Stone Soup version 0.29.0-4-gdea44cf6ec (webtiles) character file.

Game seed: 11885385432455701118

11887 qw the Brawler (level 11, -40/109 HPs)
             Began as a Troll Cinder Acolyte on Sept 1, 2022.
             Was a Follower of Okawaru.
             Annihilated by a bog body (42 damage)
             ... on level 2 of the Lair of Beasts.
             The game lasted 00:05:59 (10416 turns).

qw the Brawler (Troll Cinder Acolyte)              Turns: 10416, Time: 00:05:59

Health: -40/109    AC:  5    Str: 34    XL:     11   Next: 55%
Magic:  9/11       EV: 10    Int: 12    God:    Okawaru [*.....]
Gold:   277        SH:  0    Dex:  5    Spells: 12/12 levels left

rFire   . . .      SeeInvis +     - Unarmed
rCold   x . .      Faith    .   (no shield)
rNeg    . . .      Spirit   .   j - +1 robe of Fashionability {+Blink rF+ rC- Int+2}
rPois   .          Reflect  .   (helmet restricted)
rElec   .          Harm     .   (no cloak)
rCorr   .          Rampage  .   (gloves unavailable)
Will    .....                   (boots unavailable)
Stlth   ++........              h - amulet of the acrobat
HPRegen 1.08/turn               r - ring of see invisible
MPRegen 0.12/turn               l - +6 ring of strength

@: about to teleport, heroic, fire susceptible
A: large, unfitting armour, claws 3, regeneration 1, shaggy fur 1, tough skin 1
a: Renounce Religion, Evoke Blink, Heroism


You were on level 2 of the Lair of Beasts.
You worshipped Okawaru.
Okawaru was aware of your devotion.
You visited 2 branches of the dungeon, and saw 11 of its levels.
You also visited: Sewer.

You collected 640 gold pieces.
You spent 363 gold pieces at shops.


Innate Abilities, Weirdness & Mutations

You are too large for most types of armour.
You have claws for hands.
Your natural rate of healing is unusually fast.
You are covered in fur. (AC +1)
You have tough skin. (AC +1)


   Skills:
 - Level 7.0(12.0) Fighting
 - Level 3.2(8.2) Throwing
 + Level 1.8(6.8) Dodging
 - Level 16.0(21.0) Unarmed Combat
 - Level 1.0 Spellcasting
 - Level 2.1 Fire Magic
 + Level 1.8 Invocations


You had 12 spell levels left.
You didn't know any spells.
Your spell library contained the following spells:

 Spells                   Type           Power      Damage    Failure   Level
 Scorch                   Fire           10%        2d5       19%         2

Inventory:

Missiles
 t - 6 boomerangs (quivered)
Armour
 a - a +0 robe
 j - the +1 robe of Fashionability (worn) {+Blink rF+ rC- Int+2}
   (You acquired it on level 5 of the Dungeon)

   Int:       It affects your intelligence (+2).
   rF:        It protects you from fire.
   rC:        It makes you vulnerable to cold.
   +Blink:    It lets you blink.
Jewellery
 h - an amulet of the acrobat (around neck)
 l - a +6 ring of strength (right claw)
 m - a ring of protection from fire
 q - a ring of protection from fire
 r - a ring of see invisible (left claw)
 Y - a ring of protection from cold
Scrolls
 c - a scroll of brand weapon {unknown}
 d - 11 scrolls of identify
 p - a scroll of enchant weapon
 u - 2 scrolls of enchant armour
Potions
 b - 3 potions of mutation
 f - a potion of heal wounds
 g - 2 potions of might
 i - 3 potions of haste
 o - 2 potions of curing

Dungeon Overview and Level Annotations

Branches:
Dungeon (9/15)             Temple (0/1) D:6            Lair (2/5) D:9
    Orc (0/2) D:9           Sewer (visited)
  Swamp: Lair:2-3    Shoals: Lair:2-3     Snake: Lair:2-3    Spider: Lair:2-3

Altars:
Ashenzari
Cheibriados
Dithmenos
Elyvilon
Fedhas
Hepliaklqana
Makhleb
Okawaru
Qazlal
Trog
Uskayaw
Yredelemnul
Zin

Shops:
D:5 ((   D:7 !   D:8 (

Annotations:
D:5 1 runed translucent door, Crazy Yiuf


Message History

A bog body comes into view.
A swamp worm comes into view.
10404 ||| Stepping ~*~*~tactically~*~*~ (hiding).
You barely miss the swamp worm. The swamp worm bites you.
You miss the swamp worm.
The sentinel's mark upon you fades away.
The swamp worm closely misses you.
You claw the swamp worm!
The swamp worm is moderately wounded.
The swamp worm barely misses you.
You claw the swamp worm!
The swamp worm is severely wounded.
The swamp worm bites you!
You scratch the swamp worm.
The swamp worm is severely wounded.
You closely miss the swamp worm.
The swamp worm is severely wounded.
The swamp worm bites you.
You barely miss the swamp worm. Your claw misses the swamp worm.
The swamp worm is severely wounded.
A bog body opens the door.
The swamp worm bites you!
You miss the swamp worm. Your claw misses the swamp worm.
The swamp worm is severely wounded.
The swamp worm bites you.
You closely miss the swamp worm.
The swamp worm is severely wounded.
You feel like a meek peon again. The swamp worm closely misses you.
10414 ||| INVOKING Heroism.
You gain the combat prowess of a mighty hero.
The bog body barely misses you. The swamp worm closely misses you.
You mangle the swamp worm!!
You kill the swamp worm!
Okawaru accepts your kill. The bog body touches you!
The bog body freezes you!!!
You feel a terrible chill!
10416 ||| READING scroll of teleportation.
As you read the scroll of teleportation, it crumbles to dust.
You feel strangely unstable. The bog body touches you!
The bog body freezes you!!!
You feel a terrible chill!
You die... 7

##.....##
###....####
##.(.#..#.#
#........##
####.........#
7#..#P.......##
7....'.......#
77...##.......#
7..#.##...@...#
77.#.######nwP##
7.[### ###.### 7.##
#...# 7..# ##.#.#
7.######P..##
77..##..##+.## 7
7..###....w..#
.7..7.##.........P#


You could see a bog body and a swamp worm.

Vanquished Creatures
  A two-headed ogre (D:9)
  3 elephants (Lair:1)
  A black mamba (Lair:1)
  A cane toad (Lair:1)
  2 kobold demonologists (D:8)
  5 unseen horror zombies (D:9)
  Prince Ribbit (D:7)
  A hornet (D:9)
  Sigmund (D:2)
  3 basilisks
  7 fire elementals (Lair:1)
  6 yaks
  4 water moccasins
  2 swamp worms (Lair:2)
  3 black bears
  3 sky beasts
  2 orc warriors (D:9)
  2 ogres (D:5)
  2 ice beasts
  2 centaurs
  A phantom (D:4)
  8 kobold brigands
  2 scorpions
  5 bullfrogs
  A wyvern zombie (D:9)
  2 necrophages
  25 wights
  10 killer bees
  A howler monkey (D:9)
  3 centaur zombies (D:9)
  A crimson imp (D:7)
  A jelly (D:5)
  A hound (D:7)
  5 orc priests
  4 iguanas
  Natasha (twice) (D:2)
  8 orc wizards
  3 howler monkey zombies (D:9)
  7 river rats (Sewer)
  14 adders
  3 shadow imps
  3 white imps
  2 ufetubi
  A worm (D:2)
  2 dart slugs (D:4)
  45 orcs
  11 ball pythons
  5 bats
  5 endoplasms
  7 giant cockroaches
  7 goblins
  10 hobgoblins
  3 jackals (D:3)
  30 kobolds
  5 quokkas
  3 training dummies (D:5)
  3 frilled lizards
  27 rats
328 creatures vanquished.

Vanquished Creatures (others)
  2 plants (D:3)
  3 withered plants (D:9)
5 creatures vanquished.

Grand Total: 333 creatures vanquished

Notes
Turn   | Place    | Note
-------+----------+-------------------------------------------
     0 | D:1      | qw the Troll Cinder Acolyte began the quest for the Orb.
     0 | D:1      | Reached XP level 1. HP: 22/22 MP: 1/1
     0 | D:1      | 0 ||| qw: Version: 0.1-a-97-g2dd2ca4
     0 | D:1      | 0 ||| qw: Game counter: 4697
     0 | D:1      | 0 ||| qw: Always use a shield: true
     0 | D:1      | 0 ||| qw: God list: Okawaru
     0 | D:1      | 0 ||| qw: Allow faded altars: false
     0 | D:1      | 0 ||| qw: Do Orc after D:15 true
     0 | D:1      | 0 ||| qw: Do second Lair branch before Depths: true
     0 | D:1      | 0 ||| qw: Lair rune preference: random
     0 | D:1      | 0 ||| qw: Plans: Normal
     0 | D:1      | 0 ||| PLANNING D:1-11
   278 | D:1      | You fall into a shaft and drop 1 floor!
   289 | D:2      | 289 ||| Stepping ~*~*~tactically~*~*~ (stealth).
   309 | D:2      | 309 ||| UPGRADING to amulet of guardian spirit.
   314 | D:2      | 314 ||| READING scroll labelled DAYHUL ETYMOC.
   315 | D:2      | 315 ||| READING scroll labelled XUGAKL SOBB.
   322 | D:2      | Reached XP level 2. HP: 29/29 MP: 2/2
   329 | D:2      | 329 ||| READING 3 scrolls labelled NIZ NATWYNLIN.
   330 | D:2      | 330 ||| DROPPING 2 scrolls of poison.
   331 | D:2      | 331 ||| Stepping randomly (stuck).
   332 | D:2      | 332 ||| Stepping ~*~*~tactically~*~*~ (cloud).
   748 | D:1      | Reached skill level 4 in Unarmed Combat
   842 | D:2      | 842 ||| STAIRDANCE
   848 | D:2      | 848 ||| STAIRDANCE
   853 | D:2      | 853 ||| Stepping ~*~*~tactically~*~*~ (hiding).
   854 | D:2      | 854 ||| Stepping ~*~*~tactically~*~*~ (hiding).
   979 | D:2      | Reached XP level 3. HP: 36/36 MP: 3/3
  1164 | D:2      | Noticed Sigmund
  1171 | D:2      | 1171 ||| INVOKING Fiery Armour.
  1173 | D:2      | HP: 9/36 [Sigmund/+2 vampiric scythe (8)]
  1174 | D:2      | 1174 ||| READING scroll of teleportation.
  1177 | D:2      | Killed Sigmund
  1178 | D:2      | Reached skill level 6 in Unarmed Combat
  1178 | D:2      | Reached XP level 4. HP: 12/44 MP: 1/4
  1178 | D:2      | Reached XP level 5. HP: 14/50 MP: 1/5
  1228 | D:2      | 1228 ||| Stepping ~*~*~tactically~*~*~ (stealth).
  1258 | D:2      | Noticed Natasha
  1268 | D:2      | Killed Natasha
  1511 | D:2      | Noticed Natasha
  1520 | D:2      | Killed Natasha
  1541 | D:2      | 1541 ||| READING scroll labelled PISCHI KUSEOMUKK.
  1542 | D:2      | 1542 ||| READING 3 scrolls of identify.
  1542 | D:2      | 1542 ||| IDENTIFYING bubbling coppery potion
  1543 | D:2      | 1543 ||| DROPPING potion of flight.
  1563 | D:3      | 1563 ||| PLANNING SEWER
  1590 | D:3      | Found a glowing drain.
  1591 | D:3      | 1591 ||| READING 2 scrolls of identify.
  1591 | D:3      | 1591 ||| IDENTIFYING viscous clear potion
  1637 | D:3      | Reached XP level 6. HP: 54/59 MP: 4/6
  1655 | Sewer    | Entered a sewer
  1695 | Sewer    | 1695 ||| Stepping ~*~*~tactically~*~*~ (outnumbered).
  1696 | Sewer    | 1696 ||| Stepping ~*~*~tactically~*~*~ (outnumbered).
  1697 | Sewer    | 1697 ||| Stepping ~*~*~tactically~*~*~ (outnumbered).
  1698 | Sewer    | 1698 ||| Stepping ~*~*~tactically~*~*~ (outnumbered).
  1699 | Sewer    | 1699 ||| Stepping ~*~*~tactically~*~*~ (outnumbered).
  1700 | Sewer    | 1700 ||| Stepping ~*~*~tactically~*~*~ (outnumbered).
  1701 | Sewer    | 1701 ||| Stepping ~*~*~tactically~*~*~ (outnumbered).
  1702 | Sewer    | 1702 ||| Stepping ~*~*~tactically~*~*~ (outnumbered).
  1703 | Sewer    | 1703 ||| Stepping ~*~*~tactically~*~*~ (outnumbered).
  1704 | Sewer    | 1704 ||| INVOKING Fiery Armour.
  1708 | Sewer    | Reached skill level 7 in Unarmed Combat
  1778 | Sewer    | 1778 ||| Stepping ~*~*~tactically~*~*~ (outnumbered).
  1779 | Sewer    | 1779 ||| Stepping ~*~*~tactically~*~*~ (outnumbered).
  1780 | Sewer    | 1780 ||| Stepping ~*~*~tactically~*~*~ (outnumbered).
  1781 | Sewer    | 1781 ||| Stepping ~*~*~tactically~*~*~ (outnumbered).
  1782 | Sewer    | 1782 ||| Stepping ~*~*~tactically~*~*~ (outnumbered).
  1783 | Sewer    | 1783 ||| Stepping ~*~*~tactically~*~*~ (outnumbered).
  1790 | Sewer    | 1790 ||| Stepping ~*~*~tactically~*~*~ (outnumbered).
  1792 | Sewer    | 1792 ||| Stepping ~*~*~tactically~*~*~ (outnumbered).
  1793 | Sewer    | 1793 ||| Stepping ~*~*~tactically~*~*~ (outnumbered).
  1794 | Sewer    | 1794 ||| Stepping ~*~*~tactically~*~*~ (outnumbered).
  1795 | Sewer    | 1795 ||| Stepping ~*~*~tactically~*~*~ (outnumbered).
  1796 | Sewer    | 1796 ||| Stepping ~*~*~tactically~*~*~ (outnumbered).
  1797 | Sewer    | 1797 ||| Stepping ~*~*~tactically~*~*~ (outnumbered).
  1801 | Sewer    | 1801 ||| Stepping ~*~*~tactically~*~*~ (outnumbered).
  1802 | Sewer    | 1802 ||| Stepping ~*~*~tactically~*~*~ (outnumbered).
  1874 | Sewer    | 1874 ||| INVOKING Fiery Armour.
  1884 | Sewer    | 1884 ||| Stepping ~*~*~tactically~*~*~ (outnumbered).
  1886 | Sewer    | 1886 ||| Stepping ~*~*~tactically~*~*~ (outnumbered).
  1887 | Sewer    | 1887 ||| Stepping ~*~*~tactically~*~*~ (outnumbered).
  1888 | Sewer    | 1888 ||| Stepping ~*~*~tactically~*~*~ (outnumbered).
  1889 | Sewer    | 1889 ||| Stepping ~*~*~tactically~*~*~ (outnumbered).
  1890 | Sewer    | 1890 ||| Stepping ~*~*~tactically~*~*~ (outnumbered).
  1891 | Sewer    | 1891 ||| Stepping ~*~*~tactically~*~*~ (outnumbered).
  1894 | Sewer    | 1894 ||| Stepping ~*~*~tactically~*~*~ (outnumbered).
  1932 | Sewer    | 1932 ||| Stepping ~*~*~tactically~*~*~ (outnumbered).
  1934 | Sewer    | 1934 ||| Stepping ~*~*~tactically~*~*~ (outnumbered).
  1935 | Sewer    | 1935 ||| Stepping ~*~*~tactically~*~*~ (outnumbered).
  2045 | Sewer    | 2045 ||| INVOKING Fiery Armour.
  2047 | Sewer    | 2047 ||| Stepping ~*~*~tactically~*~*~ (outnumbered).
  2049 | Sewer    | 2049 ||| Stepping ~*~*~tactically~*~*~ (outnumbered).
  2050 | Sewer    | 2050 ||| Stepping ~*~*~tactically~*~*~ (outnumbered).
  2198 | Sewer    | 2198 ||| READING scroll labelled URROKO WUFAT.
  2224 | Sewer    | 2224 ||| DRINKING 2 purple potions.
  2225 | Sewer    | 2225 ||| READING 2 scrolls of identify.
  2225 | Sewer    | 2225 ||| IDENTIFYING blue potion
  2226 | Sewer    | 2226 ||| DROPPING potion of brilliance.
  2252 | D:3      | 2252 ||| PLANNING D:1-11
  2348 | D:3      | 2348 ||| INVOKING Fiery Armour.
  2352 | D:3      | 2352 ||| Stepping ~*~*~tactically~*~*~ (outnumbered).
  2354 | D:3      | 2354 ||| Stepping ~*~*~tactically~*~*~ (outnumbered).
  2355 | D:3      | 2355 ||| Stepping ~*~*~tactically~*~*~ (outnumbered).
  2356 | D:3      | 2356 ||| Stepping ~*~*~tactically~*~*~ (outnumbered).
  2357 | D:3      | 2357 ||| Stepping ~*~*~tactically~*~*~ (outnumbered).
  2358 | D:3      | 2358 ||| Stepping ~*~*~tactically~*~*~ (outnumbered).
  2359 | D:3      | 2359 ||| Stepping ~*~*~tactically~*~*~ (outnumbered).
  2360 | D:3      | 2360 ||| Stepping ~*~*~tactically~*~*~ (outnumbered).
  2361 | D:3      | 2361 ||| Stepping ~*~*~tactically~*~*~ (outnumbered).
  2362 | D:3      | 2362 ||| Stepping ~*~*~tactically~*~*~ (outnumbered).
  2363 | D:3      | 2363 ||| Stepping ~*~*~tactically~*~*~ (outnumbered).
  2364 | D:3      | 2364 ||| Stepping ~*~*~tactically~*~*~ (outnumbered).
  2365 | D:3      | 2365 ||| Stepping ~*~*~tactically~*~*~ (outnumbered).
  2566 | D:3      | 2566 ||| INVOKING Fiery Armour.
  2569 | D:3      | Reached skill level 8 in Unarmed Combat
  2577 | D:3      | Reached XP level 7. HP: 43/66 MP: 4/7
  2996 | D:3      | 2996 ||| UPGRADING to ring of protection from cold.
  2997 | D:3      | 2997 ||| UPGRADING to +6 ring of strength.
  2998 | D:3      | 2998 ||| READING scroll labelled QUNKO ONOMAUD.
  2999 | D:3      | 2999 ||| READING scroll labelled JOLAREVAOTUMN.
  3000 | D:3      | 3000 ||| READING 2 scrolls of identify.
  3000 | D:3      | 3000 ||| IDENTIFYING yellow potion
  3026 | D:4      | 3026 ||| Stepping ~*~*~tactically~*~*~ (outnumbered).
  3043 | D:4      | Reached skill level 3 in Fighting
  3048 | D:4      | 3048 ||| Stepping ~*~*~tactically~*~*~ (stealth).
  3049 | D:4      | 3049 ||| Stepping ~*~*~tactically~*~*~ (stealth).
  3053 | D:4      | 3053 ||| Stepping ~*~*~tactically~*~*~ (hiding).
  3057 | D:4      | 3057 ||| Stepping ~*~*~tactically~*~*~ (outnumbered).
  3058 | D:4      | 3058 ||| Stepping ~*~*~tactically~*~*~ (outnumbered).
  3059 | D:4      | 3059 ||| Stepping ~*~*~tactically~*~*~ (outnumbered).
  3060 | D:4      | 3060 ||| Stepping ~*~*~tactically~*~*~ (outnumbered).
  3090 | D:4      | 3090 ||| Stepping ~*~*~tactically~*~*~ (stealth).
  3111 | D:4      | 3111 ||| Stepping ~*~*~tactically~*~*~ (stealth).
  3157 | D:4      | Reached skill level 9 in Unarmed Combat
  3220 | D:4      | Reached skill level 1 in Dodging
  3271 | D:4      | Found a glowing silver altar of Zin.
  3346 | D:4      | 3346 ||| Stepping ~*~*~tactically~*~*~ (hiding).
  3423 | D:4      | Found a broken altar of Ashenzari.
  3570 | D:4      | 3570 ||| Stepping ~*~*~tactically~*~*~ (stealth).
  3571 | D:4      | 3571 ||| Stepping ~*~*~tactically~*~*~ (stealth).
  3572 | D:4      | 3572 ||| Stepping ~*~*~tactically~*~*~ (stealth).
  3602 | D:4      | Noticed a yak
  3603 | D:4      | 3603 ||| Stepping ~*~*~tactically~*~*~ (hiding).
  3614 | D:4      | 3614 ||| Stepping ~*~*~tactically~*~*~ (stealth).
  3624 | D:4      | Killed a yak
  3625 | D:4      | Reached XP level 8. HP: 75/75 MP: 8/8
  3659 | D:4      | 3659 ||| Stepping ~*~*~tactically~*~*~ (stealth).
  3747 | D:4      | 3747 ||| READING scroll labelled ONOAKI ZERHUSM.
  3748 | D:4      | 3748 ||| READING scroll labelled IHECWE UPRASM.
  3749 | D:4      | 3749 ||| READING scroll labelled PILECKO ICECWI.
  3750 | D:4      | 3750 ||| DRINKING 2 golden potions.
  3751 | D:4      | 3751 ||| READING 6 scrolls of identify.
  3751 | D:4      | 3751 ||| IDENTIFYING inky potion
  3752 | D:4      | 3752 ||| READING 5 scrolls of identify.
  3752 | D:4      | 3752 ||| IDENTIFYING ruby potion
  3753 | D:4      | 3753 ||| READING 4 scrolls of identify.
  3753 | D:4      | 3753 ||| IDENTIFYING murky golden potion
  3754 | D:4      | 3754 ||| READING 3 scrolls of identify.
  3754 | D:4      | 3754 ||| IDENTIFYING puce potion
  3755 | D:4      | 3755 ||| DROPPING potion of invisibility.
  3756 | D:4      | 3756 ||| DROPPING potion of magic.
  3757 | D:4      | 3757 ||| DROPPING potion of ambrosia.
  3758 | D:4      | 3758 ||| DROPPING potion of lignification.
  3777 | D:5      | Entered Level 5 of the Dungeon
  3789 | D:5      | Found Qorae's Weapon Emporium.
  3790 | D:5      | 3790 ||| Stepping ~*~*~tactically~*~*~ (stealth).
  3794 | D:5      | 3794 ||| INVOKING Fiery Armour.
  3856 | D:5      | 3856 ||| Stepping ~*~*~tactically~*~*~ (stealth).
  3861 | D:5      | 3861 ||| Stepping ~*~*~tactically~*~*~ (hiding).
  4001 | D:5      | Found Gizytwik's Firing Range.
  4003 | D:5      | Identified the +4 flail of Gallantry {drain, Fly rCorr
                  | Dex+7}
  4128 | D:5      | Found a hazy altar of Hepliaklqana.
  4165 | D:5      | 4165 ||| Stepping ~*~*~tactically~*~*~ (hiding).
  4170 | D:5      | Reached skill level 10 in Unarmed Combat
  4170 | D:5      | 4170 ||| FLEEEEING.
  4171 | D:5      | 4171 ||| FLEEEEING.
  4172 | D:5      | 4172 ||| FLEEEEING.
  4173 | D:5      | 4173 ||| FLEEEEING.
  4293 | D:5      | Found a runed translucent door.
  4294 | D:5      | Noticed Crazy Yiuf
  4744 | D:5      | 4744 ||| READING scroll labelled QUGOIP OFOSSOANGI.
  4745 | D:5      | 4745 ||| READING scroll labelled FYCSOA FEAQA.
  4745 | D:5      | Identified a scroll of acquirement
  4745 | D:5      | 4745 ||| ACQUIRING +1 robe of Fashionability {+Blink rF+
                  | rC- Int+2}
  4745 | D:5      | Acquired the +1 robe of Fashionability {+Blink rF+ rC-
                  | Int+2}
  4747 | D:5      | 4747 ||| UPGRADING to +1 robe of Fashionability {+Blink rF+
                  | rC- Int+2}.
  4863 | D:6      | 4863 ||| Stepping ~*~*~tactically~*~*~ (stealth).
  4865 | D:6      | 4865 ||| Stepping ~*~*~tactically~*~*~ (hiding).
  4906 | D:6      | 4906 ||| FLEEEEING.
  4907 | D:6      | 4907 ||| FLEEEEING.
  4908 | D:6      | 4908 ||| FLEEEEING.
  4909 | D:6      | 4909 ||| FLEEEEING.
  4914 | D:6      | 4914 ||| STAIRDANCE
  5179 | D:6      | Found a staircase to the Ecumenical Temple.
  5216 | D:6      | 5216 ||| Stepping ~*~*~tactically~*~*~ (stealth).
  5260 | D:6      | Reached XP level 9. HP: 67/84 MP: 4/9
  5399 | D:6      | 5399 ||| Stepping ~*~*~tactically~*~*~ (hiding).
  5409 | D:6      | Reached skill level 11 in Unarmed Combat
  5478 | D:6      | Reached skill level 3 in Throwing
  5747 | D:6      | 5747 ||| READING scroll labelled PUMEMM LEPA.
  5748 | D:6      | 5748 ||| READING 5 scrolls of identify.
  5748 | D:6      | 5748 ||| IDENTIFYING smoky inky potion
  5749 | D:6      | 5749 ||| DROPPING potion of attraction.
  5766 | D:7      | 5766 ||| STAIRDANCE
  5775 | D:6      | 5775 ||| INVOKING Fiery Armour.
  5780 | D:6      | HP: 21/84 [poisoned by a killer bee]
  5785 | D:6      | HP: 19/84 [poisoned by a killer bee]
  5929 | D:7      | 5929 ||| FLEEEEING.
  5930 | D:7      | 5930 ||| FLEEEEING.
  5931 | D:7      | 5931 ||| FLEEEEING.
  5932 | D:7      | 5932 ||| FLEEEEING.
  5933 | D:7      | 5933 ||| FLEEEEING.
  5939 | D:7      | 5939 ||| FLEEEEING.
  5940 | D:7      | 5940 ||| FLEEEEING.
  5941 | D:7      | 5941 ||| FLEEEEING.
  5942 | D:7      | 5942 ||| FLEEEEING.
  5943 | D:7      | 5943 ||| FLEEEEING.
  5950 | D:7      | 5950 ||| FLEEEEING.
  5951 | D:7      | 5951 ||| FLEEEEING.
  5952 | D:7      | 5952 ||| FLEEEEING.
  5953 | D:7      | 5953 ||| FLEEEEING.
  5954 | D:7      | 5954 ||| FLEEEEING.
  5984 | D:7      | 5984 ||| FLEEEEING.
  5985 | D:7      | 5985 ||| FLEEEEING.
  5986 | D:7      | 5986 ||| FLEEEEING.
  6007 | D:7      | Reached skill level 12 in Unarmed Combat
  6041 | D:7      | 6041 ||| INVOKING Fiery Armour.
  6098 | D:7      | Noticed Prince Ribbit
  6104 | D:7      | Killed Prince Ribbit
  6229 | D:7      | 6229 ||| Stepping ~*~*~tactically~*~*~ (stealth).
  6232 | D:7      | 6232 ||| Stepping ~*~*~tactically~*~*~ (stealth).
  6238 | D:7      | 6238 ||| Stepping ~*~*~tactically~*~*~ (stealth).
  6252 | D:7      | 6252 ||| FLEEEEING.
  6253 | D:7      | 6253 ||| FLEEEEING.
  6254 | D:7      | 6254 ||| FLEEEEING.
  6255 | D:7      | 6255 ||| FLEEEEING.
  6287 | D:7      | Found a burning altar of Makhleb.
  6302 | D:7      | 6302 ||| INVOKING Fiery Armour.
  6474 | D:7      | 6474 ||| Stepping ~*~*~tactically~*~*~ (stealth).
  6477 | D:7      | 6477 ||| Stepping ~*~*~tactically~*~*~ (stealth).
  6486 | D:7      | 6486 ||| Stepping ~*~*~tactically~*~*~ (outnumbered).
  6487 | D:7      | 6487 ||| Stepping ~*~*~tactically~*~*~ (outnumbered).
  6488 | D:7      | 6488 ||| Stepping ~*~*~tactically~*~*~ (outnumbered).
  6489 | D:7      | 6489 ||| Stepping ~*~*~tactically~*~*~ (outnumbered).
  6490 | D:7      | 6490 ||| Stepping ~*~*~tactically~*~*~ (outnumbered).
  6491 | D:7      | 6491 ||| Stepping ~*~*~tactically~*~*~ (outnumbered).
  6492 | D:7      | 6492 ||| Stepping ~*~*~tactically~*~*~ (outnumbered).
  6493 | D:7      | 6493 ||| Stepping ~*~*~tactically~*~*~ (outnumbered).
  6494 | D:7      | 6494 ||| Stepping ~*~*~tactically~*~*~ (outnumbered).
  6637 | D:7      | Found Leadapsofa's Distillery.
  6642 | D:7      | 6642 ||| BUYING potion of cancellation (88 gold).
  6642 | D:7      | Bought a potion of cancellation for 88 gold pieces
  6642 | D:7      | 6642 ||| BUYING potion of curing (33 gold).
  6642 | D:7      | Bought a potion of curing for 33 gold pieces
  6642 | D:7      | 6642 ||| BUYING potion of haste (110 gold).
  6642 | D:7      | Bought a potion of haste for 110 gold pieces
  6642 | D:7      | 6642 ||| BUYING potion of might (44 gold).
  6642 | D:7      | Bought a potion of might for 44 gold pieces
  6642 | D:7      | 6642 ||| BUYING potion of mutation (88 gold).
  6642 | D:7      | Bought a potion of mutation for 88 gold pieces
  6735 | D:7      | Found a blossoming altar of Fedhas.
  6745 | D:7      | Found a basalt altar of Yredelemnul.
  6746 | D:7      | Found a hide-covered altar of Uskayaw.
  6747 | D:7      | Found a snail-covered altar of Cheibriados.
  6747 | D:7      | Found a bloodstained altar of Trog.
  6747 | D:7      | Found a shadowy altar of Dithmenos.
  6747 | D:7      | Found a white marble altar of Elyvilon.
  6750 | D:7      | Found a stormy altar of Qazlal.
  6752 | D:7      | Found an iron altar of Okawaru.
  7006 | D:8      | 7006 ||| FLEEEEING.
  7089 | D:8      | 7089 ||| INVOKING Fiery Armour.
  7092 | D:8      | Reached XP level 10. HP: 87/96 MP: 7/10
  7092 | D:8      | 7092 ||| Stepping ~*~*~tactically~*~*~ (outnumbered).
  7108 | D:8      | Reached skill level 13 in Unarmed Combat
  7113 | D:8      | 7113 ||| Stepping ~*~*~tactically~*~*~ (outnumbered).
  7353 | D:8      | 7353 ||| INVOKING Fiery Armour.
  7356 | D:8      | 7356 ||| Stepping ~*~*~tactically~*~*~ (hiding).
  7367 | D:8      | 7367 ||| Stepping ~*~*~tactically~*~*~ (outnumbered).
  7529 | D:8      | 7529 ||| Stepping ~*~*~tactically~*~*~ (stealth).
  7531 | D:8      | 7531 ||| Stepping ~*~*~tactically~*~*~ (stealth).
  7535 | D:8      | 7535 ||| Stepping ~*~*~tactically~*~*~ (stealth).
  7538 | D:8      | Reached skill level 14 in Unarmed Combat
  7556 | D:8      | Reached skill level 6 in Fighting
  7615 | D:8      | Found Qinum's Weapon Emporium.
  7746 | D:8      | 7746 ||| UPGRADING to ring of see invisible.
  7873 | D:8      | 7873 ||| READING 5 scrolls of teleportation.
  7874 | D:8      | 7874 ||| STAIRDANCE
  7907 | D:8      | 7907 ||| READING 4 scrolls of teleportation.
  7908 | D:8      | 7908 ||| STAIRDANCE
  7965 | D:9      | 7965 ||| Stepping ~*~*~tactically~*~*~ (hiding).
  8051 | D:9      | 8051 ||| Stepping ~*~*~tactically~*~*~ (hiding).
  8118 | D:9      | 8118 ||| Stepping ~*~*~tactically~*~*~ (outnumbered).
  8119 | D:9      | 8119 ||| Stepping ~*~*~tactically~*~*~ (outnumbered).
  8120 | D:9      | 8120 ||| INVOKING Fiery Armour.
  8124 | D:9      | Noticed a two-headed ogre
  8125 | D:9      | 8125 ||| Stepping ~*~*~tactically~*~*~ (outnumbered).
  8129 | D:9      | HP: 24/96 [poisoned by a hornet]
  8130 | D:9      | 8130 ||| READING 3 scrolls of teleportation.
  8131 | D:9      | 8131 ||| DRINKING 3 potions of heal wounds.
  8224 | D:9      | 8224 ||| Stepping ~*~*~tactically~*~*~ (stealth).
  8226 | D:9      | 8226 ||| Stepping ~*~*~tactically~*~*~ (stealth).
  8228 | D:9      | 8228 ||| Stepping ~*~*~tactically~*~*~ (hiding).
  8229 | D:9      | 8229 ||| Stepping ~*~*~tactically~*~*~ (hiding).
  8289 | D:9      | 8289 ||| Stepping ~*~*~tactically~*~*~ (stealth).
  8294 | D:9      | 8294 ||| Stepping ~*~*~tactically~*~*~ (outnumbered).
  8296 | D:9      | 8296 ||| Stepping ~*~*~tactically~*~*~ (outnumbered).
  8297 | D:9      | 8297 ||| Stepping ~*~*~tactically~*~*~ (outnumbered).
  8298 | D:9      | 8298 ||| Stepping ~*~*~tactically~*~*~ (outnumbered).
  8299 | D:9      | 8299 ||| Stepping ~*~*~tactically~*~*~ (outnumbered).
  8300 | D:9      | 8300 ||| Stepping ~*~*~tactically~*~*~ (outnumbered).
  8301 | D:9      | 8301 ||| Stepping ~*~*~tactically~*~*~ (outnumbered).
  8302 | D:9      | 8302 ||| Stepping ~*~*~tactically~*~*~ (outnumbered).
  8303 | D:9      | 8303 ||| Stepping ~*~*~tactically~*~*~ (outnumbered).
  8304 | D:9      | 8304 ||| Stepping ~*~*~tactically~*~*~ (outnumbered).
  8308 | D:9      | 8308 ||| Stepping ~*~*~tactically~*~*~ (outnumbered).
  8309 | D:9      | 8309 ||| Stepping ~*~*~tactically~*~*~ (outnumbered).
  8309 | D:9      | HP: 18/86 [wight/+3 mace (7)]
  8310 | D:9      | 8310 ||| READING 2 scrolls of teleportation.
  8311 | D:9      | 8311 ||| DRINKING 2 potions of heal wounds.
  8312 | D:9      | Killed a two-headed ogre
  8314 | D:9      | Reached skill level 15 in Unarmed Combat
  8320 | D:9      | Reached XP level 11. HP: 44/105 MP: 2/11
  8397 | D:9      | Found a staircase to the Orcish Mines.
  8427 | D:9      | 8427 ||| FLEEEEING.
  8428 | D:9      | 8428 ||| FLEEEEING.
  8429 | D:9      | 8429 ||| FLEEEEING.
  8769 | D:9      | Found a staircase to the Lair.
  8946 | D:9      | 8946 ||| Stepping ~*~*~tactically~*~*~ (stealth).
  9032 | D:8      | 9032 ||| READING scroll of teleportation.
  9033 | D:8      | 9033 ||| PLANNING CONVERSION TO OKAWARU
  9130 | D:7      | Fell from the grace of Ignis
  9130 | D:7      | Became a worshipper of Warmaster Okawaru
  9131 | D:7      | 9131 ||| PLANNING LAIR
  9131 | D:7      | 9131 ||| REMOVING amulet of guardian spirit.
  9136 | D:7      | 9136 ||| DROPPING amulet of guardian spirit.
  9137 | D:7      | 9137 ||| UPGRADING to amulet of the acrobat.
  9252 | Lair:1   | Entered Level 1 of the Lair of Beasts
  9263 | Lair:1   | 9263 ||| Stepping ~*~*~tactically~*~*~ (outnumbered).
  9273 | Lair:1   | Reached skill level 16 in Unarmed Combat
  9505 | Lair:1   | 9505 ||| Stepping ~*~*~tactically~*~*~ (outnumbered).
  9605 | Lair:1   | Reached * piety under Okawaru
  9802 | Lair:1   | 9802 ||| DRINKING 2 potions of cancellation.
  9806 | Lair:1   | 9806 ||| DRINKING potion of cancellation.
  9838 | Lair:1   | Reached skill level 1 in Invocations
  9991 | Lair:1   | You fall into a shaft and drop 1 floor!
 10395 | Lair:2   | 10395 ||| Stepping ~*~*~tactically~*~*~ (hiding).
 10396 | Lair:2   | 10396 ||| INVOKING Heroism.
 10403 | Lair:2   | Noticed a bog body
 10404 | Lair:2   | 10404 ||| Stepping ~*~*~tactically~*~*~ (hiding).
 10414 | Lair:2   | 10414 ||| INVOKING Heroism.
 10415 | Lair:2   | HP: 10/109 [bog body (37)]
 10416 | Lair:2   | 10416 ||| READING scroll of teleportation.
 10416 | Lair:2   | HP: 2/109 [bog body (9)]
 10416 | Lair:2   | Annihilated by a bog body

Levels and vault maps discovered:
D:1:      lemuel_arrival_cross, layout_rooms, serial_park_tiny_1,
          minmay_misc_feat_nine_boxes
D:2:      layout_basic, chequers_serial_rivers_micro_e, kennysheep_potato,
          uniq_natasha, uniq_sigmund
D:3:      layout_basic, gup_sewer_entry_glass, serial_bayou_crossing
D:4:      layout_cave_pools, mainiacjoe_overflow_paths,
          overflow_temple_1_default, minmay_divided_ellipse
D:5:      layout_loops_ring, kennysheep_little_box, serial_shops,
          nicolae_shop_bloodbath_and_beyond, nicolae_shop_firing_range,
          uniq_crazy_yiuf_cottage
D:6:      layout_rooms, minmay_temple_entry_stoned_glass, nrook_mini_vaults,
          minmay_fractal_squares_gapless_5
D:7:      layout_loops_corners, makhleb_grotto_becter, minitemple, serial_shops,
          nicolae_square_shop, uniq_prince_ribbit1
D:8:      layout_loops_ring, nicolae_take_the_stairs
D:9:      kennysheep_spiral_hall, layout_irregular_city, david_orc_2,
          serial_undead, serial_undead_b, serial_undead_c, serial_undead_c,
          serial_undead_e, serial_undead_e, serial_undead_d, serial_undead_b,
          serial_undead_f, serial_undead_f, serial_undead_c, minivault_16
Lair:1:   layout_roguey, infiniplex_staircase_pool_2, grunt_megastairs_5
Lair:2:   layout_roguey, nicolae_swamp_entry_splash_gauntlet, uniq_gastronok

Skill      XL: |  1  2  3  4  5  6  7  8  9 10 11 |
---------------+----------------------------------+-----
Unarmed Combat | 4 6 8 9 10 12 15 16 | 16.0
Fighting       | 3 4 5 6 7 |  7.0
Dodging        | 1 |  1.8
Throwing       | 2 3 |  3.2
Invocations    | 1 |  1.8
Spellcasting   | |  1.0
Fire Magic     | |  2.1

Action                   |  1- 3 |  4- 6 |  7- 9 | 10-12 || total
-------------------------+-------+-------+-------+-------++-------
Melee: Unarmed           |    84 |   160 |   280 |   221 ||   745
       Punch             |     1 |     2 |     8 |     9 ||    20
Throw: Javelin           |       |       |    30 |    15 ||    45
       Boomerang         |       |       |    19 |    41 ||    60
Invok: Fiery Armour      |     1 |     5 |     5 |     2 ||    13
       Heroism           |       |       |       |     2 ||     2
  Use: Scroll            |     4 |     5 |    14 |     6 ||    29
       Potion            |       |     1 |     1 |     4 ||     6
Armor: Robe              |    25 |    67 |    81 |    58 ||   231
Dodge: Dodged            |    23 |    72 |    93 |    88 ||   276

Table legend:
 A = Non-vault XP
 B = Vault XP
 C = Vault XP percentage of total XP
 D = Non-vault monster count
 E = Vault monster count
 F = Vault count percentage of total count
                 A         B        C        D         E       F
            +---------+---------+-------+---------+---------+-------
      Total |   11536 |    5446 |  32.1 |     205 |     116 |  36.1
            +---------+---------+-------+---------+---------+-------
        D:1 |      18 |       0 |   0.0 |      10 |       0 |   0.0
        D:2 |      78 |     278 |  78.1 |      23 |       4 |  14.8
        D:3 |     170 |      34 |  16.7 |      29 |       6 |  17.1
        D:4 |     157 |     685 |  81.4 |      16 |      13 |  44.8
        D:5 |     715 |       6 |   0.8 |      15 |       3 |  16.7
        D:6 |    1197 |      50 |   4.0 |      23 |       2 |   8.0
        D:7 |    1241 |     331 |  21.1 |      29 |       2 |   6.5
        D:8 |    3392 |       0 |   0.0 |      36 |       0 |   0.0
        D:9 |    1370 |    3159 |  69.8 |      12 |      31 |  72.1
     Lair:1 |    2852 |     403 |  12.4 |      10 |       1 |   9.1
     Lair:2 |     346 |     319 |  48.0 |       2 |       2 |  50.0
      Sewer |       0 |     181 | 100.0 |       0 |      52 | 100.0
            +---------+---------+-------+---------+---------+-------
